Map: [ESL] Alcyone

Players

Wayne

  • Race: Zerg Zerg
  • Spawn Location: 7:00

Serral - Winner!

  • Race: Zerg Zerg
  • Spawn Location: 1:00

Event: ESL SC2 Masters 2023 Winter (Regional)

VOD

Have the link to the VOD?

Description

Time

  • Played on: Nov. 9, 2023, 8:08 a.m.
  • Length: 7:48

All games in this series

Show
View Real Time Build Order
Export as new Build Order

Wayne Zerg 

Build Orders: Hatch First 

Get SALT Encoding   

  12  0:00  Drone  
  13  0:12  Overlord  
  13  0:16  Drone  
  14  0:30  Drone x2  
  16  0:47  Hatchery  
  15  0:51  Drone  
  15  0:54  Drone  
  18  0:57  Drone  
  18  1:07  Extractor  
  17  1:12  Spawning Pool  
  17  1:15  Drone  
  17  1:18  Drone  
  18  1:27  Drone  
  19  1:38  Drone  
  20  1:49  Drone  
  21  1:59  Queen x2  
  21  2:00  Zergling x2, Overlord  
  26  2:10  Metabolic Boost  
  26  2:11  Drone x2  
  28  2:21  Zergling x2  
  28  2:22  Drone  
  30  2:31  Hatchery  
  30  2:34  Zergling x2  
  30  2:38  Drone  
  30  2:43  Drone  
  32  2:45  Baneling Nest  
  32  2:48  Drone  
  31  2:53  Overlord  
  31  2:55  Drone  
  32  3:04  Zergling x2  
  33  3:06  Drone x3  
  36  3:13  Zergling x4  
  36  3:15  Drone x2  
  40  3:20  Queen  
  40  3:26  Roach Warren  
  41  3:28  Baneling  
  41  3:29  Drone  
  41  3:32  Drone  
  41  3:34  Baneling  
  42  3:36  Drone  
  43  3:46  Drone  
  43  3:47  Drone  
  45  3:50  Drone  
  45  3:51  Drone, Extractor, Overlord  
  45  3:52  Baneling  
  46  3:57  Drone  
  46  4:01  Drone  
  45  4:15  Zergling x16  
  45  4:16  Evolution Chamber  
  51  4:23  Lair  
  51  4:26  Overlord  
  51  4:29  Drone x3  
  54  4:33  Drone  
  55  4:39  Overlord  
  55  4:40  Drone x3  
  55  4:45  Zerg Missile Weapons Level 1  
  58  4:46  Extractor  
  55  4:53  Overlord  
  55  4:54  Drone  
  55  4:55  Drone x2  
  55  4:58  Drone  
  57  5:04  Drone x5  
  58  5:13  Roach x5  
  68  5:15  Extractor  
  68  5:16  Baneling x2  
  68  5:17  Baneling x2  
  67  5:21  Spine Crawler  
  67  5:24  Roach x2  
  70  5:29  Overlord  
  70  5:32  Roach x2  
  68  5:44  Roach x5  
  68  5:45  Roach  
  80  5:51  Drone  
  80  5:52  Drone x3  
  80  5:55  Glial Reconstitution  
  84  5:58  Drone x2  
  84  6:01  Overseer  
  86  6:05  Overlord  
  86  6:10  Drone x4  
  90  6:16  Overlord  
  90  6:25  Roach x4  
  98  6:27  Overlord  
  98  6:36  Roach x4  
  106  6:40  Overlord x2  
  112  6:47  Roach x3  
  112  6:49  Drone x2  
  112  6:50  Extractor, Drone  
  114  7:00  Roach x4  
  124  7:08  Roach x4  
  130  7:17  Overlord  
  130  7:24  Overlord  
  130  7:26  Overlord  
Show
View Real Time Build Order
Export as new Build Order

Serral Zerg - Winner!

Build Orders: Hatch First 

Get SALT Encoding   

  12  0:00  Drone  
  13  0:11  Overlord  
  13  0:17  Drone  
  14  0:30  Drone x2  
  16  0:47  Hatchery  
  15  0:50  Drone  
  15  0:54  Drone  
  17  0:57  Drone  
  18  1:08  Extractor  
  17  1:12  Spawning Pool  
  17  1:15  Drone  
  17  1:18  Drone  
  18  1:27  Drone  
  19  1:38  Drone  
  20  1:48  Drone  
  21  1:58  Queen x2  
  21  1:59  Zergling x2  
  21  2:00  Overlord  
  26  2:07  Metabolic Boost  
  26  2:10  Drone x2  
  28  2:21  Zergling x2  
  28  2:22  Drone  
  30  2:34  Hatchery  
  30  2:35  Drone  
  30  2:37  Drone  
  30  2:42  Drone  
  32  2:46  Baneling Nest  
  31  2:52  Overlord  
  31  2:55  Drone x2  
  33  3:07  Drone x3  
  33  3:09  Overlord  
  33  3:11  Zergling x2  
  33  3:12  Zergling x4  
  39  3:16  Drone  
  39  3:18  Zergling x2  
  41  3:23  Queen  
  43  3:27  Drone  
  43  3:32  Drone x2  
  46  3:35  Baneling x2  
  46  3:40  Zergling x2, Drone, Roach Warren  
  47  3:42  Drone  
  48  3:49  Overlord  
  48  3:50  Drone x2  
  48  3:55  Drone x2  
  52  3:56  Drone  
  52  4:00  Drone x2  
  53  4:05  Overlord  
  53  4:07  Extractor  
  53  4:09  Zergling x2  
  53  4:10  Zergling x2  
  53  4:12  Baneling x2  
  53  4:16  Zergling x2  
  54  4:17  Drone x2  
  54  4:18  Overlord  
  54  4:20  Drone x2  
  54  4:24  Lair  
  58  4:29  Drone x2  
  58  4:30  Evolution Chamber  
  59  4:33  Drone  
  59  4:37  Zergling x2, Baneling  
  61  4:39  Drone x2  
  61  4:40  Extractor, Roach  
  61  4:41  Roach  
  66  4:46  Baneling  
  66  4:47  Overlord  
  66  4:53  Zergling x8, Roach x2  
  66  4:58  Roach x2  
  78  5:05  Queen  
  78  5:06  Overlord  
  77  5:11  Overlord  
  77  5:12  Drone x3  
  80  5:14  Drone x2  
  80  5:17  Drone  
  80  5:20  Zerg Missile Weapons Level 1  
  83  5:23  Drone x2  
  83  5:25  Drone x2  
  83  5:27  Glial Reconstitution  
  87  5:29  Drone x2  
  87  5:34  Overlord  
  88  5:38  Overlord  
  88  5:42  Roach  
  90  5:43  Overseer, Roach x3  
  90  5:47  Extractor  
  90  5:48  Extractor  
  88  5:50  Overlord  
  88  5:52  Roach x3  
  94  6:08  Roach x5  
  102  6:14  Overlord x2  
  102  6:18  Roach x4  
  110  6:26  Overlord  
  110  6:32  Roach x7  
  124  6:38  Overlord  
  124  6:40  Roach x3  
  124  6:44  Overlord  
  130  6:48  Overseer  
  130  6:49  Roach  
  130  6:51  Overseer, Roach  
  130  6:52  Roach x5  
  144  6:54  Overlord  
  144  7:01  Overlord  
  144  7:06  Roach  
  144  7:07  Roach x4  
  154  7:20  Roach x3  
  160  7:26  Roach  
  160  7:27  Roach x4  
Tags
 
Add a new tag
Caveats
  • Supply blocks, unpowered buildings, or Contaminate may cause inaccurate times.
  • Supply counts are checked every 10 seconds.